 Dungeon Crawl Stone Soup version 0.20.1-1-g8b1a95d (webtiles) character file.

147 Glalom the Vexing (level 5, -1/35 HPs)
             Began as a Vampire Enchanter on Nov 4, 2017.
             Was an Initiate of Dithmenos.
             Slain by an orc wizard
             ... wielding a +0 dagger
              (6 damage)
             ... on level 4 of the Dungeon.
             The game lasted 00:15:04 (4034 turns).

Glalom the Vexing (Vampire Enchanter)               Turns: 4034, Time: 00:15:05

Health: -1/35      AC:  4    Str:  8    XL:     5   Next: 8%
Magic:  3/8        EV: 12    Int: 17    God:    Dithmenos [......]
Gold:   219        SH:  0    Dex:  9    Spells: 2/8 levels left

rFire    . . .     SeeInvis +   a - +2 dagger
rCold    + . .     Gourm    .   (no shield)
rNeg     + + .     Faith    .   b - +1 robe
rPois    +         Spirit   .   (no helmet)
rElec    .         Reflect  .   l - +0 cloak
rCorr    .         Harm     +   (no gloves)
MR       .....                  (no boots)
Stlth    +++.......             r - amulet of harm
Regen    0.1/turn               k - ring of stealth
MPRegen  0.2/turn               j - -6 ring of dexterity (curse)

@: confused, regenerating slowly
A: fangs 3, see invisible, unbreathing
a: Bat Form, Renounce Religion


You were on level 4 of the Dungeon.
You worshipped Dithmenos.
Dithmenos was noncommittal.
You were very thirsty.

You visited 1 branch of the dungeon, and saw 4 of its levels.

You collected 219 gold pieces.

Inventory:

Hand Weapons
 a - a +2 dagger (weapon)
Armour
 b - a +1 robe (worn)
 l - a +0 cloak (worn)
Jewellery
 f - an uncursed ring of see invisible
 j - a cursed -6 ring of dexterity (right hand)
 k - a ring of stealth (left hand)
 p - an uncursed amulet of the gourmand
 r - an amulet of harm (around neck)
 t - an uncursed amulet of guardian spirit
Scrolls
 h - 2 scrolls of teleportation
 s - a scroll of blinking
 u - 2 scrolls of enchant armour
 v - a scroll of identify
Potions
 d - 19 potions of blood
 e - 2 potions of berserk rage {unknown}
 g - a potion of brilliance {unknown}
 i - 2 potions of mutation {unknown}
 m - a potion of ambrosia {unknown}
 n - 2 potions of heal wounds {unknown}
 o - a potion of cancellation {unknown}
 q - a potion of lignification {unknown}
 w - 2 potions of magic {unknown}
Books
 c - a book of Maledictions

   Spells                             Type                      Level
   a - Corona                         Hexes                        1
   b - Ensorcelled Hibernation        Hexes/Ice                    2
   c - Confuse                        Hexes                        3
   d - Tukima's Dance                 Hexes                        3
   e - Dazzling Spray                 Conjuration/Hexes            3


   Skills:
 * Level 4.1 Short Blades
 - Level 2.1 Dodging
 - Level 5.2 Stealth
 - Level 2.0 Spellcasting
 + Level 5.5 Hexes
 + Level 1.1 Ice Magic


You had 2 spell levels left.
You knew the following spells:

 Your Spells              Type           Power        Failure   Level  Hunger
a - Corona                Hex            ###....      1%          1    #......
b - Ensorcelled Hibernat  Hex/Ice        ##....       8%          2    ###....
c - Confuse               Hex            ###.....     6%          3    ###....


Dungeon Overview and Level Annotations

Branches:
Dungeon (4/15)
 Temple: D:4-7

Altars:
Dithmenos
Nemelex Xobeh
Trog
The Shining One


Innate Abilities, Weirdness & Mutations

You heal slowly.
You have razor-sharp teeth.
You have supernaturally acute eyesight. (SInv)
You can survive without breathing.


Message History

You bite the orc wizard, but do no damage.
The orc wizard hits you with a dagger.
You bump into the rock wall.
The orc wizard hits you with a dagger.
* * * LOW HITPOINT WARNING * * *
You bump into the rock wall.
The orc wizard barely misses you.
Yummy - fresh blood!
You are feeling very thirsty.
The orc wizard hits you but does no damage.
You're too confused!
Firing (i - inventory): No suitable missiles.
Press: ? - help, Shift-Dir - straight line, f/p - orc wizard
Aim: an orc wizard, wielding a dagger and wearing a robe
Okay, then.
You're too confused!
Firing (i - inventory): No suitable missiles.
Press: ? - help, Shift-Dir - straight line, f/p - orc wizard
Aim: an orc wizard, wielding a dagger and wearing a robe
Okay, then.
You're too confused to move!
The orc wizard hits you with a dagger.
You die...

###...............#
#.........##.##.#
#########.##..#.#
#.###.#.# #.# #.#.#
#.# #o..# #.#
##o.##.# ##### #.#
#o....# ....# #.#
#@##### ###.# #.#
#.# #.####.## #.####
#.......# ###....#
#####.#.# ....##.#
#.#.#
.##.##.########.#..
.##.............##.#
.....#.########.# .#


You could see an orc wizard and 2 orcs.

Vanquished Creatures
  A worker ant (D:4)
  A gnoll (D:1)
  An adder (D:3)
  3 oozes
  An adder skeleton (D:4)
  2 worms
  2 dart slugs
  3 leopard geckos
  9 orcs
  2 giant cockroaches (D:2)
  8 goblins
  6 hobgoblins
  3 jackals (D:2)
  A ball python (D:2)
  4 bats
  2 frilled lizards
  12 kobolds
  7 rats
68 creatures vanquished.

Vanquished Creatures (others)
  3 orcs (D:3)
  A kobold (D:3)
4 creatures vanquished.

Grand Total: 72 creatures vanquished

Notes
Turn   | Place    | Note
-------+----------+-------------------------------------------
     0 | D:1      | Glalom the Vampire Enchanter began the quest for the Orb.
     0 | D:1      | Reached XP level 1. HP: 13/13 MP: 3/3
   574 | D:1      | Reached XP level 2. HP: 9/19 MP: 5/5
   894 | D:1      | Learned a level 2 spell: Ensorcelled Hibernation
  1526 | D:2      | Reached XP level 3. HP: 24/24 MP: 6/6
  1534 | D:2      | Learned a level 3 spell: Confuse
  1778 | D:2      | Reached skill level 5 in Stealth
  2412 | D:2      | Reached skill level 5 in Hexes
  2572 | D:2      | Found a sparkling altar of Nemelex Xobeh.
  2647 | D:2      | Found a glowing golden altar of the Shining One.
  2892 | D:2      | Reached XP level 4. HP: 30/30 MP: 7/7
  3062 | D:3      | Noticed an eye of draining
  3069 | D:3      | Found a bloodstained altar of Trog.
  3159 | D:3      | Found a shadowy altar of Dithmenos.
  3259 | D:3      | Became a worshipper of Dithmenos the Shadowed
  3782 | D:4      | Reached skill level 1 in Ice Magic
  3782 | D:4      | Reached XP level 5. HP: 30/35 MP: 8/8
  4034 | D:4      | Slain by an orc wizard

Skill      XL: |  1  2  3  4 |
---------------+-------------+-----
Short Blades   | 2 3 4 |  4.1
Stealth        | 5 |  5.2
Hexes          | 5 |  5.5
Ice Magic      | 1 |  1.1
Dodging        | |  2.1
Spellcasting   | |  2.0

Action                   |  1- 3 |  4- 6 || total
-------------------------+-------+-------++-------
Melee: Dagger            |   132 |    78 ||   210
       Bite              |     5 |     6 ||    11
 Cast: Ensorcelled Hiber |    10 |    16 ||    26
       Confuse           |     1 |       ||     1
  Use: Scroll            |    10 |     1 ||    11
       Potion            |     1 |     1 ||     2
 Stab: Sleeping          |    15 |    16 ||    31
       Distracted        |     1 |       ||     1
Armor: Robe              |    26 |    12 ||    38
Dodge: Dodged            |    88 |    36 ||   124
